| TOP OF THE 1ST |
|
Detroit Red Wings batting - Pitching for Columbus Reds : RHP Jim Bartlet
|
|
Pitching: RHP Jim Bartlet
|
|
|
Batting: LHB Duda Pinho
|
0-0: Ball 1-0: Fly out, F8 (Line Drive, 8LD, EV 96.2 MPH)
|
|
Batting: RHB Cody Kafer
|
0-0: Ball 1-0: Called Strike 1-1: Called Strike 1-2: Foul Ball, location: 2F 1-2: Ball 2-2: Foul Ball, location: 2F 2-2: Ball 3-2: Foul Ball, location: 2F 3-2: Base on Balls
|
|
Batting: RHB António Scarlett
|
0-0: Ball 1-0: Ball 2-0: Ball 3-0: Called Strike 3-1: Swinging Strike 3-2: SINGLE (Line Drive, 6MD, EV 98.8 MPH) Cody Kafer to second
|
|
Batting: RHB Felipe Torres
|
0-0: Called Strike 0-1: Fly out, F8 (Flyball, 78D, EV 90.0 MPH)
|
|
Batting: SHB Isaiah Bias
|
0-0: Called Strike 0-1: Ball 1-1: Ball 2-1: Ball 3-1: Base on Balls Cody Kafer to third António Scarlett to second
|
|
Batting: RHB Peter Jones
|
0-0: Reached on error, E4 (Groundball, 4, EV 80.0 MPH) Cody Kafer scores António Scarlett to third Isaiah Bias to second
|
|
Batting: RHB Carlos Avila
|
0-0: Called Strike 0-1: Called Strike 0-2: Ball 1-2: Ball 2-2: Strikes out looking
|
| Top of the 1st over - 1 run, 1 hit, 1 error, 3 left on base; Detroit 1 - Columbus 0 |
| BOTTOM OF THE 1ST |
|
Columbus Reds batting - Pitching for Detroit Red Wings : RHP Moos Jansen
|
|
Pitching: RHP Moos Jansen
|
|
|
Batting: SHB Bill Dissette
|
0-0: Ball 1-0: Ball 2-0: Ball 3-0: Base on Balls
|
|
Batting: RHB Tony Camacho
|
0-0: Ball 1-0: Hit by Pitch Bill Dissette to second
|
|
Batting: RHB Ed Santibanez
|
0-0: Foul Ball, location: 2F 0-1: Swinging Strike 0-2: Strikes out swinging
|
|
Batting: RHB Aaron Barraza
|
0-0: Ball Bill Dissette is caught stealing 3rd base 2-5 Tony Camacho to second 1-0: Foul Ball, location: 2F 1-1: Ball 2-1: Foul Ball, location: 2F 2-2: Ball 3-2: SINGLE (Line Drive, 3L, EV 95.6 MPH) Tony Camacho to third
|
|
Batting: RHB Matt Carman
|
0-0: Called Strike 0-1: SINGLE (Groundball, 56S, EV 63.8 MPH) (infield hit) Tony Camacho scores Aaron Barraza to second
|
|
Batting: RHB Cornholdo Schwerin
|
0-0: Swinging Strike 0-1: Swinging Strike 0-2: Strikes out swinging
|
| Bottom of the 1st over - 1 run, 2 hits, 0 errors, 2 left on base; Detroit 1 - Columbus 1 |
| TOP OF THE 2ND |
|
Detroit Red Wings batting - Pitching for Columbus Reds : RHP Jim Bartlet
|
|
Batting: SHB Roderick Speed
|
0-0: Ball 1-0: Called Strike 1-1: Swinging Strike 1-2: Ball 2-2: Strikes out swinging, 2-3 out at first.
|
|
Batting: RHB Victor Acuna
|
0-0: Swinging Strike 0-1: Swinging Strike 0-2: Strikes out swinging
|
|
Batting: LHB Duda Pinho
|
0-0: Swinging Strike 0-1: Swinging Strike 0-2: Ball 1-2: Foul Ball, location: 2F 1-2: Ball 2-2: Ball 3-2: Foul Ball, location: 2F 3-2: SINGLE (Line Drive, 89S, EV 96.2 MPH)
|
|
Batting: RHB Cody Kafer
|
0-0: Ball Duda Pinho steals 2nd base (no throw) 1-0: Foul Ball, location: 2F 1-1: Called Strike 1-2: Ball 2-2: Strikes out swinging, 2-3 out at first.
|
| Top of the 2nd over - 0 runs, 1 hit, 0 errors, 1 left on base; Detroit 1 - Columbus 1 |
| BOTTOM OF THE 2ND |
|
Columbus Reds batting - Pitching for Detroit Red Wings : RHP Moos Jansen
|
|
Batting: RHB Nick Partain
|
0-0: Ball 1-0: Called Strike 1-1: Ball 2-1: Ball 3-1: Ground out 2-3 (Groundball, 15S, EV 70.0 MPH)
|
|
Batting: SHB Colin Black
|
0-0: Ball 1-0: Ground out 4-3 (Groundball, 34D, EV 100.6 MPH)
|
|
Batting: RHB Jorge Velez
|
0-0: Ball 1-0: Called Strike 1-1: Foul Ball, location: 2F 1-2: Foul Ball, location: 2F 1-2: Strikes out looking
|
| Bottom of the 2nd over - 0 runs, 0 hits, 0 errors, 0 left on base; Detroit 1 - Columbus 1 |
| TOP OF THE 3RD |
|
Detroit Red Wings batting - Pitching for Columbus Reds : RHP Jim Bartlet
|
|
Batting: RHB António Scarlett
|
0-0: Ball 1-0: Ground out 6-3 (Groundball, 6, EV 83.1 MPH)
|
|
Batting: RHB Felipe Torres
|
0-0: Ball 1-0: Ball 2-0: Fly out, F5 (Line Drive, 5, EV 71.2 MPH)
|
|
Batting: SHB Isaiah Bias
|
0-0: Fly out, F6 (Popup, 6S, EV 85.0 MPH)
|
| Top of the 3rd over - 0 runs, 0 hits, 0 errors, 0 left on base; Detroit 1 - Columbus 1 |
| BOTTOM OF THE 3RD |
|
Columbus Reds batting - Pitching for Detroit Red Wings : RHP Moos Jansen
|
|
Batting: SHB Bill Dissette
|
0-0: Fly out, F3 (Line Drive, 3L, EV 67.5 MPH)
|
|
Batting: RHB Tony Camacho
|
0-0: Foul Ball, location: 2F 0-1: Called Strike 0-2: Ball 1-2: Fly out, F9 (Flyball, 9, EV 90.0 MPH)
|
|
Batting: RHB Ed Santibanez
|
0-0: SINGLE (Groundball, 25, EV 65.6 MPH) (infield hit)
|
|
Batting: RHB Aaron Barraza
|
0-0: Foul Ball, location: 2F 0-1: Ball 1-1: Foul Ball, location: 2F 1-2: Ball 2-2: Foul Ball, location: 2F 2-2: Foul Ball, location: 2F 2-2: Ball 3-2: Ground out 6-3 (Groundball, 6, EV 80.0 MPH)
|
| Bottom of the 3rd over - 0 runs, 1 hit, 0 errors, 1 left on base; Detroit 1 - Columbus 1 |
| TOP OF THE 4TH |
|
Detroit Red Wings batting - Pitching for Columbus Reds : RHP Jim Bartlet
|
|
Batting: RHB Peter Jones
|
0-0: Ground out 5-3 (Groundball, 56S, EV 70.6 MPH)
|
|
Batting: RHB Carlos Avila
|
0-0: Called Strike 0-1: Ground out 5-3 (Groundball, 56, EV 80.6 MPH)
|
|
Batting: SHB Roderick Speed
|
0-0: Ball 1-0: Foul Ball, location: 2F 1-1: Called Strike 1-2: Foul Ball, location: 2F 1-2: Strikes out swinging
|
| Top of the 4th over - 0 runs, 0 hits, 0 errors, 0 left on base; Detroit 1 - Columbus 1 |
| BOTTOM OF THE 4TH |
|
Columbus Reds batting - Pitching for Detroit Red Wings : RHP Moos Jansen
|
|
Batting: RHB Matt Carman
|
0-0: Ball 1-0: Called Strike 1-1: Called Strike 1-2: Foul Ball, location: 2F 1-2: Strikes out swinging
|
|
Batting: RHB Cornholdo Schwerin
|
0-0: Ball 1-0: Ball 2-0: SOLO HOME RUN (Flyball, 8LXD, EV 115.0 MPH), Distance : 442 ft
|
|
Batting: RHB Nick Partain
|
0-0: Called Strike 0-1: Ball 1-1: SINGLE (Line Drive, 6M, EV 94.4 MPH)
|
|
Batting: SHB Colin Black
|
0-0: Foul Ball, location: 2F 0-1: Ball 1-1: Ball 2-1: Grounds into double play, 4-6-3 (Groundball, 34D, EV 104.4 MPH)
|
| Bottom of the 4th over - 1 run, 2 hits, 0 errors, 0 left on base; Detroit 1 - Columbus 2 |
| TOP OF THE 5TH |
|
Detroit Red Wings batting - Pitching for Columbus Reds : RHP Jim Bartlet
|
|
Batting: RHB Victor Acuna
|
0-0: Called Strike 0-1: Ball 1-1: Swinging Strike 1-2: Strikes out looking
|
|
Batting: LHB Duda Pinho
|
0-0: Called Strike 0-1: Ball 1-1: Ball 2-1: Ball 3-1: Base on Balls
|
|
Batting: RHB Cody Kafer
|
0-0: Called Strike 0-1: Foul Ball, location: 2F 0-2: Foul Ball, location: 2F 0-2: Foul Ball, location: 2F 0-2: Foul Ball, location: 2F 0-2: Ball 1-2: Foul Ball, location: 2F 1-2: Ball 2-2: Ball 3-2: Grounds into double play, 4-6-3 (Groundball, 4, EV 100.6 MPH)
|
| Top of the 5th over - 0 runs, 0 hits, 0 errors, 0 left on base; Detroit 1 - Columbus 2 |
| BOTTOM OF THE 5TH |
|
Columbus Reds batting - Pitching for Detroit Red Wings : RHP Moos Jansen
|
|
Batting: RHB Jorge Velez
|
0-0: Called Strike 0-1: SINGLE (Line Drive, 8LS, EV 91.2 MPH)
|
|
Batting: SHB Bill Dissette
|
0-0: Swinging Strike 0-1: Called Strike 0-2: Strikes out swinging
|
|
Batting: RHB Tony Camacho
|
0-0: Fielders Choice at 2nd, 6-4 (Groundball, 6, EV 86.2 MPH)
|
|
Batting: RHB Ed Santibanez
|
0-0: Called Strike Tony Camacho steals 2nd base Balk! Tony Camacho to third 0-1: Ball 1-1: Foul Ball, location: 2F 1-2: Ball 2-2: SINGLE (Line Drive, 8LS, EV 101.2 MPH) Tony Camacho scores
|
|
Batting: RHB Aaron Barraza
|
0-0: Fly out, F8 (Flyball, 89S, EV 86.2 MPH)
|
| Bottom of the 5th over - 1 run, 2 hits, 0 errors, 1 left on base; Detroit 1 - Columbus 3 |
| TOP OF THE 6TH |
|
Detroit Red Wings batting - Pitching for Columbus Reds : RHP Jim Bartlet
|
|
Batting: RHB António Scarlett
|
0-0: Ball 1-0: Ball 2-0: Ball 3-0: Base on Balls
|
|
Batting: RHB Felipe Torres
|
0-0: Called Strike 0-1: Swinging Strike 0-2: Ball 1-2: DOUBLE (Line Drive, 78M, EV 90.0 MPH) António Scarlett to third Runner from 3rd tries for Home, SAFE, throw by CF to trailing runner, OUT at third! 8-3-5
|
|
Batting: SHB Isaiah Bias
|
0-0: Ball 1-0: Ball 2-0: Ball 3-0: Base on Balls
|
|
Batting: RHB Peter Jones
|
0-0: SINGLE (Flyball, 5D, EV 93.1 MPH) Isaiah Bias to second
|
|
Batting: RHB Carlos Avila
|
0-0: Ball 1-0: Called Strike 1-1: Grounds into double play, 6-4-3 (Groundball, 6, EV 93.8 MPH)
|
| Top of the 6th over - 1 run, 2 hits, 0 errors, 1 left on base; Detroit 2 - Columbus 3 |
| BOTTOM OF THE 6TH |
|
Columbus Reds batting - Pitching for Detroit Red Wings : RHP Moos Jansen
|
|
Batting: RHB Matt Carman
|
0-0: Called Strike 0-1: Foul Ball, location: 2F 0-2: Foul Ball, location: 2F 0-2: Foul Ball, location: 2F 0-2: Strikes out looking
|
|
Batting: RHB Cornholdo Schwerin
|
0-0: Ball 1-0: Swinging Strike 1-1: Fly out, F7 (Flyball, 78D, EV 101.9 MPH)
|
|
Batting: RHB Nick Partain
|
0-0: Called Strike 0-1: Foul Ball, location: 2F 0-2: Ball 1-2: Strikes out swinging
|
| Bottom of the 6th over - 0 runs, 0 hits, 0 errors, 0 left on base; Detroit 2 - Columbus 3 |
| TOP OF THE 7TH |
|
Detroit Red Wings batting - Pitching for Columbus Reds : RHP Jim Bartlet
|
|
Pinch Hitting: RHB Jorge Lebron
|
0-0: Called Strike 0-1: Called Strike 0-2: Foul Ball, location: 2F 0-2: Ball 1-2: Ball 2-2: Ball 3-2: Base on Balls
|
|
Pitching: RHP Aaron McArdle
|
|
|
Batting: LHB Iestyn Peacock
|
0-0: Called Strike 0-1: Ball 1-1: Called Strike 1-2: Ball 2-2: Strikes out swinging
|
|
Batting: LHB Duda Pinho
|
0-0: Ball 1-0: Foul Ball, location: 2F 1-1: Ball 2-1: Foul Ball, location: 2F 2-2: Strikes out swinging
|
|
Pinch Hitting: LHB David Kyle
|
0-0: Fielders Choice at 2nd, U4 (Groundball, 4M, EV 98.1 MPH)
|
| Top of the 7th over - 0 runs, 0 hits, 0 errors, 1 left on base; Detroit 2 - Columbus 3 |
| BOTTOM OF THE 7TH |
|
Columbus Reds batting - Pitching for Detroit Red Wings : RHP Moos Jansen
|
|
Now at 2B: Carlos Avila
|
|
|
Now at SS: Rick Brinkmann
|
|
|
Now in LF: Jorge Lebron
|
|
|
Batting: SHB Colin Black
|
0-0: Foul Ball, location: 2F 0-1: Ball 1-1: Hit by Pitch
|
|
Batting: RHB Jorge Velez
|
0-0: Fly out, F8 (Flyball, 8LM, EV 83.1 MPH)
|
|
Batting: SHB Bill Dissette
|
0-0: Foul Ball, location: 2F 0-1: Called Strike 0-2: Foul Ball, location: 2F 0-2: Strikes out looking
|
|
Batting: RHB Tony Camacho
|
0-0: Fly out, F4 (Line Drive, 34D, EV 75.6 MPH)
|
| Bottom of the 7th over - 0 runs, 0 hits, 0 errors, 1 left on base; Detroit 2 - Columbus 3 |
| TOP OF THE 8TH |
|
Detroit Red Wings batting - Pitching for Columbus Reds : RHP Aaron McArdle
|
|
Now at 2B: Nick Partain
|
|
|
Now in RF: Gabe Morales
|
|
|
Batting: RHB António Scarlett
|
0-0: SOLO HOME RUN (Flyball, 7D, EV 98.8 MPH), Distance : 403 ft
|
|
Batting: RHB Felipe Torres
|
0-0: Ball 1-0: Ball 2-0: Ball 3-0: Called Strike 3-1: Base on Balls
|
|
Batting: SHB Isaiah Bias
|
0-0: SINGLE (Line Drive, 5D, EV 98.8 MPH) Felipe Torres to second
|
|
Pinch Hitting: SHB Bill Casal
|
0-0: Ball 1-0: Ball 2-0: Called Strike 2-1: Foul Ball, location: 2F 2-2: Foul Ball, location: 2F 2-2: Strikes out swinging
|
|
Pitching: LHP Steve Broeske
|
|
|
Batting: RHB Carlos Avila
|
0-0: Called Strike 0-1: Ball 1-1: Called Strike 1-2: Foul Ball, location: 2F 1-2: SINGLE (Line Drive, 9LS, EV 102.5 MPH) Felipe Torres to third Isaiah Bias to second Runner from 3rd tries for Home, SAFE, throw by RF to home
|
|
Batting: RHB Jorge Lebron
|
0-0: Fly out, F8 (Flyball, 8RXD, EV 104.4 MPH) Runner from 2nd tags up, SAFE at 3rd, no throw by CF
|
|
Batting: LHB Iestyn Peacock
|
0-0: Ball 1-0: DOUBLE (Line Drive, 89D, EV 103.8 MPH) Isaiah Bias scores Carlos Avila to third Runner from 3rd tries for Home, SAFE, throw by RF to home
|
|
Batting: LHB Duda Pinho
|
0-0: Intentional Walk
|
|
Batting: RHB Rick Brinkmann
|
0-0: Ball 1-0: Foul Ball, location: 2F 1-1: Foul Ball, location: 2F 1-2: Foul Ball, location: 2F 1-2: Ball 2-2: Strikes out swinging
|
| Top of the 8th over - 4 runs, 4 hits, 0 errors, 2 left on base; Detroit 6 - Columbus 3 |
| BOTTOM OF THE 8TH |
|
Columbus Reds batting - Pitching for Detroit Red Wings : RHP Moos Jansen
|
|
Now at 3B: Mark Massey
|
|
|
Batting: RHB Ed Santibanez
|
0-0: Ball 1-0: Foul Ball, location: 2F 1-1: SINGLE (Groundball, 56D, EV 105.6 MPH)
|
|
Batting: RHB Aaron Barraza
|
0-0: Foul Ball, location: 2F 0-1: Ball 1-1: Fly out, F8 (Flyball, 8RM, EV 83.8 MPH)
|
|
Batting: SHB Eddie Crawford
|
0-0: Called Strike 0-1: Ball 1-1: Foul Ball, location: 2F 1-2: Foul Ball, location: 2F 1-2: Foul Ball, location: 2F 1-2: Ball 2-2: Fielders Choice at 2nd, 4-6 (Groundball, 4M, EV 101.9 MPH)
|
|
Pitching: RHP Ross Stagg
|
|
|
Pinch Hitting: LHB Mat Bencivengo
|
0-0: Called Strike 0-1: Fly out, F5 (Popup, 5SF, EV 78.1 MPH)
|
| Bottom of the 8th over - 0 runs, 1 hit, 0 errors, 1 left on base; Detroit 6 - Columbus 3 |
| TOP OF THE 9TH |
|
Detroit Red Wings batting - Pitching for Columbus Reds : LHP Steve Broeske
|
|
Now in CF: Alex Ruybalid
|
|
|
Batting: RHB António Scarlett
|
0-0: Ball 1-0: Called Strike 1-1: Called Strike 1-2: Ball 2-2: Strikes out swinging
|
|
Batting: RHB Felipe Torres
|
0-0: Fly out, F9 (Flyball, 9LMF, EV 107.5 MPH)
|
|
Batting: SHB Isaiah Bias
|
0-0: Called Strike 0-1: Ground out 1-3 (Groundball, P, EV 68.8 MPH)
|
| Top of the 9th over - 0 runs, 0 hits, 0 errors, 0 left on base; Detroit 6 - Columbus 3 |
| BOTTOM OF THE 9TH |
|
Columbus Reds batting - Pitching for Detroit Red Wings : RHP Ross Stagg
|
|
Pinch Hitting: LHB Jamel Wilhite
|
0-0: Called Strike 0-1: Ball 1-1: Ball 2-1: Fly out, F7 (Flyball, 78M, EV 83.8 MPH)
|
|
Batting: SHB Colin Black
|
0-0: Swinging Strike 0-1: Ball 1-1: Swinging Strike 1-2: Strikes out swinging
|
|
Batting: RHB Jorge Velez
|
0-0: Ball 1-0: Ball 2-0: Swinging Strike 2-1: Swinging Strike 2-2: Strikes out swinging
|
| Bottom of the 9th over - 0 runs, 0 hits, 0 errors, 0 left on base; Detroit 6 - Columbus 3 |
|